 Dungeon Crawl Stone Soup version 0.17-a0-725-gfa8c127 (webtiles) character file.

1136 Trafet the Cleaver (level 8, -19/70 HPs)
             Began as a Minotaur Berserker on Apr 20, 2015.
             Was a Priest of Trog.
             Demolished by an orc warrior
             ... wielding a +0 dire flail
              (23 damage)
             ... on level 5 of the Dungeon.
             The game lasted 00:07:28 (4388 turns).

Trafet the Cleaver (Minotaur Berserker)             Turns: 4388, Time: 00:07:28

Health: -19/70     AC:  7    Str: 25    XL:     8   Next: 14%
Magic:  7/7        EV: 19    Int:  6    God:    Trog [***...]
Gold:   210        SH:  0    Dex: 15    Spells: 0 memorised, 7 levels left

rFire  . . .     SeeInvis .     a - +0 hand axe
rCold  . . .     Clarity  .     m - +0 ring mail
rNeg   . . .     SustAb   .     (no shield)
rPois  .         Gourm    .     s - +1 hat
rElec  .         Spirit   .     (no cloak)
rCorr  .         Warding  .     (no gloves)
rMut   .         Stasis   .     (no boots)
MR     +....                    (no amulet)
Stlth  ++........               o - +3 ring of strength
                                h - ring of protection from magic

@: agile, very slightly contaminated, starving, hasted, very quick, somewhat
resistant to hostile enchantments, unstealthy
A: retaliatory headbutt, horns 2
a: Burn Spellbooks, Berserk, Trog's Hand, Renounce Religion


You were on level 5 of the Dungeon.
You worshipped Trog.
Trog was most pleased with you.
You were starving.

You visited 1 branch of the dungeon, and saw 5 of its levels.

You collected 210 gold pieces.

Inventory:

Hand weapons
 a - a +0 hand axe (weapon)
Armour
 b - a +0 animal skin
 m - a +0 ring mail (worn)
 s - a +1 hat (worn)
 v - a +0 helmet
Jewellery
 h - a ring of protection from magic (left hand)
 o - a +3 ring of strength (right hand)
Scrolls
 g - a scroll of enchant weapon {unknown}
 k - 4 scrolls of identify {unknown}
 p - a scroll of remove curse {unknown}
 r - 2 scrolls of recharging {unknown}
 t - 2 scrolls of teleportation {unknown}
 y - a scroll of amnesia {unknown}
Potions
 e - a potion of restore abilities {unknown}
 f - a potion of mutation {unknown}
 i - a potion of cancellation {unknown}
 j - a potion of agility
 n - a potion of magic {unknown}
 w - a potion of resistance {unknown}
 x - a potion of haste
 z - a potion of might {unknown}
 A - a potion of brilliance {unknown}
 C - a potion of flight {unknown}
 D - a potion of poison {unknown}
Books
 l - a Young Poisoner's Handbook

   Spells                             Type                      Level
   a - Sting                          Conjuration/Poison           1
   b - Cure Poison                    Poison                       2
   c - Mephitic Cloud                 Conjuration/Poison/Air       3
   d - Olgreb's Toxic Radiance        Poison                       4
   e - Venom Bolt                     Conjuration/Poison           5
   Trog disapproves of the use of such an item.
Comestibles
 c - 3 bread rations
 q - 4 meat rations
 B - 3 fruits
 E - a royal jelly


   Skills:
 + Level 5.9 Fighting
 * Level 8.4 Axes
 + Level 5.6 Armour
 + Level 5.2 Dodging


You had 7 spell levels left.
You didn't know any spells.

Dungeon Overview and Level Annotations

Branches:
Dungeon (5/15)
 Temple: D:4-7

Altars:
Ashenzari


Innate Abilities, Weirdness & Mutations

You reflexively headbutt those who attack you in melee.
You have a pair of horns on your head.


Message History

As you read the scroll labeled FILOUF PECH, it crumbles to dust.
The scroll dissolves into smoke.
It was a scroll of fog.
The orc warrior barely misses you. You furiously retaliate!
You headbutt the orc warrior, but do no damage.
Eat which item? (? for menu, Esc to quit)
Okay, then.
Drink which item? (? for menu, Esc to quit)
It was a potion of agility.
You feel agile all of a sudden. The orc warrior barely misses you.
Drink which item? (? for menu, Esc to quit)
It was a potion of haste.
You feel yourself speed up.
You are very lightly contaminated with residual magic.
There is a stone staircase leading up here.
An orc priest comes into view. It is wielding a short sword.
You found an alarm trap!
The orc priest shouts!
An orc wizard comes into view. It is wielding a dagger.
The orc warrior hits you with a dire flail!!
You die...

#### ##..## ##....##
#......#
###......######..
#....o@§§§........
#.#....§§§§######..
......_^....§##§§§....(.
#####.#......§§§§...[..
#..###.!####.§..#.. #..
.....# ....... #..#
#.###... ....### o. ..
..# #.#.# . .## .#..


You could see an orc warrior.

Vanquished Creatures
  Pikel (D:4)
  Eustachio (D:4)
  An ogre (D:4)
  A phantom (D:4)
  A scorpion (D:4)
  3 hounds
  Natasha (twice) (D:2)
  4 gnolls
  6 adders
  A white imp (D:2)
  4 oozes
  4 worms
  A giant gecko (D:4)
  9 orcs
  2 ball pythons
  4 giant cockroaches
  5 goblins
  8 hobgoblins
  6 kobolds
  A quokka (D:4)
  8 bats
  2 giant newts (D:1)
  A quokka skeleton (D:4)
  15 rats
91 creatures vanquished.

Vanquished Creatures (others)
  An orc (D:4)
  A bat skeleton (D:4)
  A hobgoblin (D:4)
3 creatures vanquished.

Grand Total: 94 creatures vanquished

Notes
Turn   | Place    | Note
--------------------------------------------------------------
     0 | D:1      | Trafet, the Minotaur Berserker, began the quest for the Orb.
     0 | D:1      | Reached XP level 1. HP: 19/19 MP: 0/0
   152 | D:1      | Reached skill level 4 in Axes
   152 | D:1      | Reached XP level 2. HP: 25/27 MP: 1/1
   464 | D:2      | Acquired Trog's second power
   464 | D:2      | Reached XP level 3. HP: 9/33 MP: 2/2
  1259 | D:2      | Noticed Natasha
  1267 | D:2      | Reached skill level 5 in Axes
  1267 | D:2      | Reached XP level 4. HP: 29/40 MP: 3/3
  1273 | D:2      | Killed Natasha
  2172 | D:3      | Reached XP level 5. HP: 42/46 MP: 4/4
  2327 | D:2      | Noticed Natasha
  2334 | D:2      | Killed Natasha
  3181 | D:4      | Noticed Eustachio
  3193 | D:4      | Killed Eustachio
  3193 | D:4      | Reached skill level 6 in Axes
  3193 | D:4      | Reached XP level 6. HP: 47/53 MP: 5/5
  3482 | D:4      | Reached skill level 5 in Fighting
  3564 | D:4      | Noticed a slave
  3565 | D:4      | Noticed Pikel
  3565 | D:4      | Noticed a slave
  3565 | D:4      | Noticed a slave
  3567 | D:4      | Noticed a slave
  3576 | D:4      | Killed Pikel
  3576 | D:4      | Reached skill level 8 in Axes
  3576 | D:4      | Reached skill level 5 in Armour
  3576 | D:4      | Reached XP level 7. HP: 62/62 MP: 6/6
  3800 | D:4      | Reached skill level 5 in Dodging
  3831 | D:4      | Noticed an ogre
  3836 | D:4      | Killed an ogre
  3836 | D:4      | Reached XP level 8. HP: 41/70 MP: 7/7
  4124 | D:4      | Noticed a phantom
  4156 | D:4      | Killed a phantom
  4357 | D:5      | Entered Level 5 of the Dungeon
  4357 | D:5      | Found a shattered altar of Ashenzari.
  4375 | D:5      | HP: 2/70 [orc warrior/dire flail (11)]
  4388 | D:5      | Demolished by an orc warrior

Action                   |  1- 3 |  4- 6 |  7- 9 || total
-------------------------+-------+-------+-------++-------
Melee: Hand axe          |    76 |   149 |    41 ||   266
Invok: Berserk           |     1 |     1 |     1 ||     3
  Use: Potion            |     1 |       |     4 ||     5
       Scroll            |       |       |     1 ||     1
  Eat: Chunk             |     1 |     8 |     3 ||    12
